 Dungeon Crawl Stone Soup version 0.30-a0-1163-gf69bf04e7a (webtiles) character file.

Game seed: 3371323259311337796

145108 kae the Alchemist (level 17, -2/133 HPs)
             Began as a Merfolk Transmuter on Apr 28, 2023.
             Was the Champion of Ru.
             Slain by a minotaur (16 damage)
             ... on level 4 of the Shoals.
             The game lasted 00:35:48 (31882 turns).

kae the Alchemist (Merfolk Transmuter)             Turns: 31882, Time: 00:35:48

Health: -2/133     AC: 15    Str: 12    XL:     17   Next: 41%
Magic:  0/32       EV: 31    Int: 18    God:    Ru [******]
Gold:   3892       SH:  0    Dex: 18    Spells: 21/38 levels left

rFire   . .          .
                       - Unarmed
rCold   . . .        (shield currently unavailable)
rNeg    . . .        U - melded +1 robe of Vines {NoPotionHeal Regen++++}
rPois   ∞            o - melded +2 hat {Stlth+}
rElec   +            b - melded +1 cloak
rCorr   .            i - melded +0 pair of gloves
SInv    .            (boots currently unavailable)
Will    .....        G - amulet of guardian spirit Stlth
                     E - +5 ring of evasion
HPRegen 0.42/turn    J - ring of Wurei {Wiz rElec Dex+3}
MPRegen 0.23/turn

%: guardian spirit, wizardry (x1)
@: storm-form, weak-willed, wereblooded, flying, unable to read, unable to drink
A: cleaving, insubstantial, flying, inability to drink after injury 2, inability
to read after injury 2, no stealth, hated by all, inability to train armour,
(nimble swimmer 2), (mertail)
a: Blinkbolt, End Transformation, Renounce Religion, Draw Out Power, Power Leap,
Apocalypse


You were on level 4 of the Shoals.
You worshipped Ru.
Ru was exalted by your worship.
You were a lightning-filled tempest!
You visited 5 branches of the dungeon, and saw 27 of its levels.
You also visited: Sewer and Gauntlet.

You collected 3892 gold pieces.


Innate Abilities, Weirdness & Mutations

You are a lightning-filled tempest!
Your electrical attacks strike out in all directions at once.
You are incredibly evasive.
Your insubstantial body is immune to petrification, constriction, and being set on fire You are flying.
You are immune to poison.
Your armour is entirely melded.
You are incapable of wielding weapons or throwing items.
You sometimes lose the ability to drink potions when taking damage.
You sometimes lose the ability to read scrolls when taking damage.
You cannot be stealthy.
You are hated by all.
You cannot train Armour skill.
((You are very nimble when in or above water. (Stealth+, EV+, Speed+++)))
((Your lower body shifts to a powerful aquatic tail in water.))


   Skills:
 - Level 11.8 Fighting
 - Level 14.1 Dodging
 + Level 13.6 Unarmed Combat
 - Level 11.0 Spellcasting
 - Level 15.3 Transmutations
 - Level 6.0 Ice Magic
 - Level 15.0 Air Magic
 - Level 2.0 Poison Magic


You had 21 spell levels left.
You knew the following spells:

 Your Spells              Type           Power      Damage    Failure   Level
a - Storm Form            Tmut/Air       29%        N/A       4%          7
b - Wereblood             Tmut           60%        N/A       0%          2
c - Spider Form           Tmut/Pois      41%        N/A       1%          3
d - Ice Form              Ice/Tmut       48%        N/A       1%          4
e - Beastly Appendage     Tmut           100%       N/A       0%          1

Your spell library contained the following spells:

 Spells                   Type           Power      Damage    Failure   Level
 Shock                    Conj/Air       100%       1d9       1%          1
 Ensorcelled Hibernation  Hex/Ice        40%        N/A       1%          2
 Passwall                 Tmut/Erth      30%        N/A       1%          2
 Swiftness                Air            59%        N/A       1%          3
 Vhi's Electric Charge    Tloc/Air       72%        N/A       1%          3
 Apportation              Tloc           18%        N/A       2%          1
 Foxfire                  Conj/Fire      36%        2x1d5     2%          1
 Kiss of Death            Conj/Necr      36%        2d8       2%          1
 Magic Dart               Conj           36%        1d4       2%          1
 Necrotise                Necr           36%        1d5       2%          1
 Sandblast                Erth           18%        2d7       2%          1
 Alistair's Intoxication  Tmut/Pois      27%        N/A       2%          5
 Arcjolt                  Conj/Air       18%        1d28      3%          5
 Silence                  Hex/Air        18%        N/A       3%          5
 Yara's Violent Unravell  Hex/Tmut       18%        3d9       3%          5
 Blink                    Tloc           18%        N/A       4%          2
 Lesser Beckoning         Tloc           18%        N/A       4%          2
 Momentum Strike          Conj/Tloc      18%        3d8       4%          2
 Scorch                   Fire           18%        2d5       4%          2
 Confusing Touch          Hex            9%         N/A       9%          3
 Gell's Gravitas          Tloc           9%         N/A       9%          3
 Portal Projectile        Hex/Tloc       18%        N/A       9%          3
 Stone Arrow              Conj/Erth      18%        3d8       9%          3
 Teleport Other           Tloc           9%         N/A       9%          3
 Vampiric Draining        Necr           9%         2d6       9%          3
 Statue Form              Tmut/Erth      24%        N/A       19%         6
 Dispel Undead            Necr           9%         3d8       26%         4
 Flame Wave               Conj/Fire      9%         2d6       26%         4
 Iskenderun's Mystic Bla  Conj/Tloc      9%         2d4       26%         4
 Leda's Liquefaction      Hex/Erth       4%         N/A       26%         4
 Manifold Assault         Tloc           9%         N/A       26%         4
 Passage of Golubria      Tloc           9%         N/A       26%         4
 Maxwell's Capacitive Co  Air            29%        ∞         36%         8
 Agony                    Necr           9%         N/A       58%         5
 Lee's Rapid Deconstruct  Erth           4%         3d5*      58%         5
 Dispersal                Tloc           4%         N/A       98%         6
 Starburst                Conj/Fire      4%         6d4       98%         6
 Discord                  Hex            4%         N/A       100%        8
 Call Canine Familiar     Summ           Unusable   N/A       N/A         3
 Tukima's Dance           Hex            Unusable   N/A       N/A         3
 Summon Forest            Summ/Tloc      Unusable   N/A       N/A         5
 Summon Mana Viper        Hex/Summ       Unusable   N/A       N/A         5
 Summon Cactus Giant      Summ           Unusable   N/A       N/A         6
 Malign Gateway           Summ/Tloc      Unusable   N/A       N/A         7
 Infestation              Necr           Unusable   N/A       N/A         8

Inventory:

Hand Weapons
 B - a +1 quarterstaff of freezing
   (You found it on level 1 of the Dungeon)
Missiles
 x - 2 silver javelins
Armour
 a - a +0 robe
 b - a +1 cloak (melded)
   (You took it off Crazy Yiuf on level 2 of the Dungeon)
 i - a +0 pair of gloves (melded)
   (You found it on level 1 of the Dungeon)
 o - a +2 hat of stealth (melded)
   (You took it off Gastronok on level 1 of the Orcish Mines)
 U - the +1 robe of Vines (melded) {NoPotionHeal Regen++++}
   (You found it on level 3 of the Lair of Beasts)

   NoPotionHeal: Its wearer cannot be healed by potions.
   Regen:     It increases your rate of health regeneration.
Magical Staves
 K - a staff of earth {!a}
   (You found it in a Gauntlet)
Jewellery
 f - a ring of protection from fire
   (You found it on level 2 of the Lair of Beasts)
 g - an amulet of regeneration
   (You found it on level 7 of the Dungeon)
 y - a ring of willpower
   (You found it on level 14 of the Dungeon)
 A - an amulet of the acrobat
   (You found it on level 3 of the Lair of Beasts)
 E - a +5 ring of evasion (left fist)
   (You found it on level 3 of the Dungeon)
 F - a ring of protection from fire
   (You found it on level 4 of the Dungeon)
 G - an amulet of guardian spirit (around neck)
   (You found it on level 11 of the Dungeon)
 I - a +6 ring of intelligence
   (You found it on level 1 of the Lair of Beasts)
 J - the ring of Wurei (right fist) {Wiz rElec Dex+3}
   (You found it in a Gauntlet)

   [ring of wizardry]

   It improves your spell success rate.
   Dex:       It affects your dexterity (+3).
   rElec:     It insulates you from electricity.
 L - a ring of flight
   (You found it on level 2 of the Lair of Beasts)
 O - a +4 ring of protection
   (You found it on level 3 of the Lair of Beasts)
 P - a ring of poison resistance
   (You found it on level 14 of the Dungeon)
 S - an amulet of reflection
   (You found it on level 3 of the Lair of Beasts)
Wands
 c - a wand of flame (23)
   (You took it off a kobold on level 3 of the Dungeon)
 k - a wand of polymorph (2)
   (You found it on level 13 of the Dungeon)
 r - a wand of iceblast (15)
   (You found it on level 3 of the Dungeon)
 s - a wand of mindburst (60)
   (You took it off Pikel on level 4 of the Dungeon)
 Y - a wand of light (9)
   (You found it on level 5 of the Lair of Beasts)
Scrolls
 h - a scroll of magic mapping {!r}
 m - 13 scrolls of teleportation {@r4}
 t - 2 scrolls of enchant armour
 u - 2 scrolls of blinking {!r}
 v - a scroll of fear
 w - 2 scrolls of enchant weapon
 C - 3 scrolls of vulnerability {!r!r}
 H - a scroll of immolation {!r!r}
 M - 3 scrolls of silence {!r}
 V - a scroll of torment {!r}
 W - a scroll of fog
 X - 4 scrolls of poison {!r}
Potions
 d - 22 potions of curing {@q1}
 e - 3 potions of brilliance
 j - 4 potions of magic
 l - 2 potions of invisibility
 n - 7 potions of might
 p - 7 potions of flight
 q - 6 potions of mutation {!q}
 z - 4 potions of heal wounds {@q2}
 D - 6 potions of haste {@q3}
 N - 3 potions of lignification {!q}
 Q - 3 potions of ambrosia
 T - a potion of attraction {!q}
 Z - 4 potions of berserk rage {!q}

Dungeon Overview and Level Annotations

Branches:
Dungeon (15/15) Zot: 25429  Temple (1/1) D:4 Zot: 5749    Lair (5/5) D:8 Zot: 23331
 Shoals (4/4) Lair:3 Zot: 20721  Spider (0/4) Lair:3        Slime (0/5) Lair:4
    Orc (2/2) D:10 Zot: 10183     Elf (0/3) Orc:2        Vaults (0/5) D:13
 Depths (0/4) D:15          Sewer (visited)         Gauntlet (visited)

Altars:
Ashenzari
Cheibriados
Dithmenos
Elyvilon
Gozag
Kikubaaqudgha
Makhleb
Nemelex Xobeh
Okawaru
Qazlal
Ru
Sif Muna
Trog
Uskayaw
Vehumet
Wu Jian
Xom
Zin
The Shining One

Shops:
D:9 (   D:10 [   D:15 *   Orc:1 *(   Orc:2 *=[(

Portals:
Trove: D:10 (show abyssal rune of Zot)

Annotations:
Lair:1 2 transporters, Aketubro's ghost, journeyman MiFi
Orc:1 2 runed translucent doors, exclusion: orange crystal statue

≈≈≈ #.. ≈≈≈ #.##
.. .. ≈≈≈≈ ##...
.. ... ≈≈≈≈≈#...
.##... ≈≈≈#...
#....# ≈ ≈...#
....# ≈≈ #))# ...
≈≈≈ #H##.## ≈≈≈≈
#)v)c.#
≈≈≈≈≈##)#..#
≈≈≈≈≈≈..)#c.#
≈≈≈≈≈≈#..##..#
....#8.
≈≈≈≈≈≈≈#..#....
~....~
≈≈≈≈≈≈≈##.##....
...... ≈≈≈≈≈≈≈
#..##..# .(...
≈≈≈≈≈≈≈ #...##.#
#..~
≈≈≈≈≈≈≈≈≈#...####
###8.


You could see a minotaur and 2 fauns.


Message History

😱 HP[+1] MP[+1] Unknown command.
You catch the helpless merfolk completely off-guard!
You batter the merfolk!! Lightning courses through the merfolk!
You feel a bit better.
You kill the merfolk!
The faun begins to cast a spell, but is stunned by your conviction!
The satyr unwields a +0 spear.
The satyr wields a +0 longbow.
The satyr shoots an arrow.
The arrow misses you.
The faun shoots a sling bullet.
The sling bullet closely misses you. 😱 HP[+2]
You regained 2 hp, and now have 33/133 hp.
The minotaur attacks as you move away! The minotaur completely misses you.
The minotaur gores you but does no damage.
The faun begins to cast a spell, but is stunned by your conviction!
The satyr begins to cast a spell, but is stunned by your conviction!
The faun shoots a sling bullet.
The sling bullet barely misses you. The faun completely misses you.
The minotaur throws a javelin.
The javelin closely misses you.
The javelin pierces through the faun!
You see here a +0 trident.
Unknown command.
You batter the satyr!! You batter the faun!!
The satyr begins to cast a spell, but is stunned by your conviction!
The faun unwields a +0 sling.
The faun wields a +0 quarterstaff.
The faun hits you but does no damage. 😨 HP[+1] Unknown command.
You blast the satyr!!!
Lightning courses through the satyr!
You feel a bit better.
You kill the satyr!
You hit the faun.
You buffet the faun!
The faun unwields a +0 spear.
The faun wields a +0 sling.
The faun shoots a sling bullet.
The sling bullet completely misses you.
The sling bullet hits the faun.
The faun gestures at you while chanting.
You resist with significant effort.
You redirect the faun's attack!
The faun hits you with a +0 quarterstaff!
* * * LOW HITPOINT WARNING * * *
😱 HP[-10] MP[-3]
You take 10 damage, and now have 24/133 hp.
You lost 3 mp, and now have 4/32 mp.
The minotaur attacks as you move away! The minotaur completely misses you.
The minotaur gores you but does no damage.
The faun attacks as you move away! The faun misses you.
The faun no longer looks unusually strong.
The faun unwields a +0 quarterstaff.
The faun wields a +0 sling.
The faun shoots a sling bullet.
The sling bullet hits you but does no damage.
The minotaur throws a javelin.
The javelin closely misses you.
The faun unwields a +0 sling.
The faun wields a +0 spear.
The faun completely misses you.
The faun is stunned by your conviction and fails to attack.
Things that are here:
a +0 longbow; a +0 spear; 😱 MP[+1]
You barely miss the faun.
You buffet the faun!
Lightning courses through the faun!!
You buffet the faun! 😱 HP[+1]
You completely miss the faun. You batter the faun!! x2
The faun unwields a +2 spear of flaming.
It stops flaming.
The faun wields a +0 sling.
The faun shoots a sling bullet.
The sling bullet completely misses you.
The sling bullet hits the faun!!
The faun dies!
The faun hits you with a +0 spear!
* * * LOW HITPOINT WARNING * * *
You focus your inner power and slow the faun in retribution!
The faun unwields a +0 sling.
The faun wields a +0 spear.
The faun completely misses you.
The faun shoots a sling bullet.
The sling bullet closely misses you.
The sling bullet hits the faun!!
You redirect the minotaur's attack!
The minotaur throws a javelin.
The javelin pierces through the minotaur!! 😱 HP[-13] MP[-2]
You take 13 damage, and now have 12/133 hp.
You lost 2 mp, and now have 3/32 mp.
The faun begins to cast a spell, but is stunned by your conviction!
The faun completely misses you. The minotaur completely misses you.
The minotaur gores you.
* * * LOW HITPOINT WARNING * * *
The faun gestures at you while chanting.
You resist with significant effort.
Things that are here:
a +0 quarterstaff; a +0 sling; a +0 trident Unknown command. 😱 HP[-2]
You take 2 damage, and now have 10/133 hp.
You barely miss the faun. You punch the faun.
You hit the minotaur but do no damage. You batter the faun!!
You feel a bit better.
You kill the faun!
The faun shoots a sling bullet.
The sling bullet barely misses you.
The sling bullet hits the minotaur!
The faun closely misses you. 😱 HP[+3]
You regained 3 hp, and now have 13/133 hp.
Unknown command.
You batter the faun!!
You feel a bit better.
You kill the faun!
You hit the minotaur but do no damage.
Lightning courses through the minotaur!!
The minotaur hits you!!
You die...

Skill      XL: |  1  2  3  4  5  6  7  8  9 10 11 12 13 14 15 16 17 |
---------------+----------------------------------------------------+-----
Transmutations | 3 4 5 6 7 8 10 11 13 14 15 | 15.3
Poison Magic   | 1 2 |  2.0
Unarmed Combat | 4 5 6 7 8 10 11 12 13 | 13.6
Spellcasting   | 3 4 5 6 7 8 9 10 11 | 11.0
Ice Magic      | 2 4 6 |  6.0
Dodging        | 3 5 7 9 11 12 14 | 14.1
Fighting       | 2 4 6 7 9 10 11 | 11.8
Air Magic      | 3 10 13 15 | 15.0

Action                     |  1- 3 |  4- 6 |  7- 9 | 10-12 | 13-15 | 16-18 || total
---------------------------+-------+-------+-------+-------+-------+-------++-------
  Melee: Unarmed           |    23 |    95 |   292 |   591 |   945 |   487 ||  2433
         Quarterstaff      |    29 |    91 |     4 |     2 |    12 |       ||   138
         Headbutt          |     4 |    12 |       |       |       |       ||    16
         Punch             |       |       |       |       |    32 |    63 ||    95
         Tailslap          |       |       |       |       |       |     4 ||     4
   Cast: Beastly Appendage |    11 |    14 |       |       |       |     1 ||    26
         Spider Form       |     2 |    16 |     3 |       |       |       ||    21
         Wereblood         |       |    11 |    15 |    45 |    37 |     7 ||   115
         Ice Form          |       |     3 |    32 |    69 |    67 |     1 ||   172
         Storm Form        |       |       |       |       |    15 |    46 ||    61
 Invoke: Sacrifice Stealth |       |       |     1 |       |       |       ||     1
         Reject Sacrifices |       |       |       |       |     1 |       ||     1
         Sacrifice Love    |       |       |       |       |     1 |       ||     1
         Sacrifice Durabil |       |       |       |       |     1 |       ||     1
         Sacrifice Words   |       |       |       |       |       |     1 ||     1
         Sacrifice Drink   |       |       |       |       |       |     1 ||     1
Ability: Blinkbolt         |       |       |       |       |     6 |     7 ||    13
         End Transformatio |       |       |       |       |     3 |       ||     3
  Evoke: Wand              |       |       |     1 |       |     4 |       ||     5
    Use: Scroll            |     1 |    12 |     4 |     9 |     3 |     2 ||    31
         Potion            |     3 |       |       |     2 |     1 |       ||     6
   Stab: Petrified         |       |       |       |       |     3 |       ||     3
         Distracted        |       |       |       |       |     1 |     3 ||     4
         Invisible         |       |       |       |       |       |     9 ||     9
         Paralysed         |       |       |       |       |       |     4 ||     4
 Armour: Robe              |    10 |    34 |     2 |       |     3 |     1 ||    50
         Skin              |    16 |    11 |    76 |   108 |   152 |    64 ||   427
  Dodge: Dodged            |    39 |   194 |   251 |   463 |   960 |   532 ||  2439

Levels and vault maps discovered:
D:1:      dpeg_arrival_tiny_a, layout_loops_corners,
          shapermc_ecumenical_altar_acropolis, minivault_19, serial_bayou_pond_c
D:2:      layout_basic, uniq_robin, uniq_crazy_yiuf_cottage, uniq_sigmund
D:3:      layout_basic, portal_sewer_entry_d, minmay_distorted
D:4:      lemuel_castle_with_subvaults [lemuel_castle_interior_carwin_3],
          layout_basic, nicolae_dithmenos_shadow_blocks,
          minmay_temple_entry_mist, uniq_pikel, uniq_natasha
D:5:      layout_cave_pools, mainiacjoe_overflow_catwalk, serial_undead,
          serial_undead_c, serial_undead_d, serial_undead_a, serial_undead_f,
          chequers_mini_garden, uniq_menkaure, uniq_blork_the_orc, uniq_grinder
D:6:      layout_gridville, minmay_between, uniq_duvessa, uniq_prince_ribbit1
D:7:      layout_basic, lemuel_zombie_altar_yredelemnul, serial_demonic,
          serial_demonic_g, serial_demonic_e, serial_demonic_e,
          serial_demonic_c, grunt_ministairs_6, minmay_misc_feat_iff
D:8:      layout_basic, lair_entry_dummy, kennysheep_generic_room_6
D:9:      layout_basic, nicolae_qazlal_eye_of_the_storm, serial_shops,
          nicolae_shop_rolling_square, small_statue_intersection,
          eino_tiny_chamber
D:10:     layout_basic, mainiacjoe_overflow_concentric_impassable, orc_david_3,
          enter_trove_6
D:11:     layout_cave_pools, gauntlet_entry_generic, minmay_misc_feat_encased,
          minivault_10, uniq_urug
D:12:     layout_long_grid, uniq_psyche, uniq_erolcha
D:13:     layout_irregular_city, grunt_vaults_entry_tiered
D:14:     layout_loops_ring, kennysheep_flooded_box
D:15:     gammafunk_depths_entry_grave, layout_cave_pods,
          hangedman_abyss_or_decor_slice, guppyfry_shop_venom
Temple:   minmay_crystal_spiral_temple
Lair:1:   layout_roguey, nzn_ghost_randoct
Lair:2:   statuecave_lemuel, layout_big_grid, st_stairs_5,
          nicolae_quartered_pool_little, lemuel_fruit_fields
Lair:3:   layout_big_grid, minmay_shoals_entry_centaurs,
          nicolae_spider_entry_lesser_pyramids, hellmonk_guarded_unrand_vines
Lair:4:   layout_gridlike, slime_entry_1, grunt_forest_stairs_clearing,
          infiniplex_staircase_pool, grunt_megastairs_3, uniq_kirke
Lair:5:   evilmike_catoblepas_cave, layout_cave_pods
Shoals:1: layout_shoals, lightli_airlock
Shoals:2: layout_shoals, nicolae_shoals_cliffside_cave
Shoals:3: layout_shoals, wheals_shoals_ruined_temple, uniq_ilsuiw
Shoals:4: shoals_end_hellmonk_lost_city
Orc:1:    layout_caves, serial_shops, nicolae_shop_rolling_square, shop,
          chequers_guarded_unrand_ignorance, uniq_gastronok
Orc:2:    grunt_orc_gardens, layout_caves, grunt_orc_garden, grunt_orc_garden,
          grunt_orc_garden, grunt_orc_garden

Notes
Turn   | Place    | Note
-------+----------+-------------------------------------------
     0 | D:1      | kae the Merfolk Transmuter began the quest for the Orb.
     0 | D:1      | Reached XP level 1. HP: 15/15 MP: 3/3
     0 | D:1      | magus.rc [v1.11.3]
   456 | D:1      | Reached skill level 3 in Transmutations
   456 | D:1      | Reached XP level 2. HP: 19/21 MP: 3/5
   475 | D:1      | Found a faded altar of an unknown god.
   949 | D:2      | Noticed Sigmund
   951 | D:2      | Reached skill level 1 in Poison Magic
   957 | D:1      | Reached XP level 3. HP: 17/26 MP: 6/6
   997 | D:1      | Learned a level 2 spell: Wereblood
  1001 | D:1      | Learned a level 3 spell: Spider Form
  1009 | D:2      | HP: 4/26 [something (11)]
  1019 | D:2      | Killed Sigmund
  1020 | D:2      | Reached skill level 4 in Unarmed Combat
  1020 | D:2      | Reached skill level 3 in Spellcasting
  1020 | D:2      | Reached skill level 4 in Transmutations
  1020 | D:2      | Reached skill level 2 in Poison Magic
  1020 | D:2      | Reached XP level 4. HP: 17/32 MP: 2/8
  1020 | D:2      | Reached XP level 5. HP: 20/37 MP: 2/9
  1171 | D:2      | You pick up a book of Touch and begin reading...
  1171 | D:2      | You add the spells Kiss of Death, Confusing Touch and
                  | Dispel Undead to your library.
  1233 | D:2      | Noticed Robin
  1246 | D:2      | HP: 9/37 [poisoned by a goblin]
  1361 | D:2      | Killed Robin
  1371 | D:2      | Reached skill level 5 in Transmutations
  1391 | D:2      | Reached XP level 6. HP: 43/43 MP: 7/10
  1467 | D:2      | Learned a level 4 spell: Ice Form
  1693 | D:2      | Found a runed translucent door.
  1694 | D:2      | Noticed Crazy Yiuf
  2158 | D:2      | Killed Crazy Yiuf
  2159 | D:2      | Reached skill level 1 in Ice Magic
  2364 | D:3      | Found a glowing drain.
  2373 | Sewer    | Entered a sewer
  2738 | D:3      | Identified the +2 war axe of War {spect, rN++}
  2878 | D:3      | You add the spells Gell's Gravitas, Teleport Other and
                  | Dispersal to your library.
  3262 | D:4      | Found a staircase to the Ecumenical Temple.
  3268 | D:4      | Noticed Pikel
  3342 | D:4      | Reached skill level 2 in Ice Magic
  3347 | Temple   | Entered the Ecumenical Temple
  3549 | Temple   | Became a worshipper of Ru the Awakened
  3621 | D:4      | Reached skill level 5 in Unarmed Combat
  3712 | D:4      | Reached XP level 7. HP: 44/48 MP: 4/12
  3872 | D:4      | Killed Pikel
  3873 | D:4      | Reached skill level 4 in Spellcasting
  3873 | D:4      | Reached skill level 6 in Transmutations
  3873 | D:4      | Reached skill level 4 in Ice Magic
  3873 | D:4      | Reached XP level 8. HP: 39/54 MP: 8/14
  4123 | D:4      | Reached skill level 5 in Ice Magic
  4127 | D:4      | Reached skill level 6 in Unarmed Combat
  4257 | D:4      | Noticed Natasha
  4268 | D:4      | Killed Natasha
  4435 | D:4      | Found a shadowy altar of Dithmenos.
  4449 | D:4      | Reached skill level 7 in Transmutations
  4576 | D:4      | Reached skill level 3 in Dodging
  4625 | D:4      | Noticed Natasha
  4626 | D:4      | Gained mutation: You cannot be stealthy. [Ru sacrifice]
  4640 | D:4      | Killed Natasha
  5179 | D:4      | Noticed Natasha
  5193 | D:4      | Killed Natasha
  5276 | D:5      | Entered Level 5 of the Dungeon
  5284 | D:4      | Reached skill level 6 in Ice Magic
  5300 | D:5      | Reached skill level 5 in Spellcasting
  5304 | D:5      | Reached skill level 2 in Fighting
  5304 | D:5      | Reached XP level 9. HP: 61/61 MP: 12/16
  5313 | D:5      | You pick up a book of the Hunter and begin reading...
  5313 | D:5      | You add the spells Call Canine Familiar, Portal Projectile
                  | and Leda's Liquefaction to your library.
  5470 | D:5      | Found an iron altar of Okawaru.
  5534 | D:5      | You pick up a book of Scorching and begin reading...
  5534 | D:5      | You add the spells Scorch, Flame Wave and Summon Cactus
                  | Giant to your library.
  5553 | D:5      | Reached skill level 4 in Dodging
  5592 | D:5      | Noticed Grinder
  5598 | D:5      | Paralysed by Grinder for 2 turns
  5612 | D:5      | Killed Grinder
  5613 | D:5      | Reached skill level 8 in Transmutations
  5775 | D:5      | Reached skill level 3 in Fighting
  5847 | D:5      | Noticed Blork the orc
  5852 | D:5      | Noticed Menkaure
  5854 | D:5      | Killed Blork the orc
  5855 | D:5      | Reached skill level 7 in Unarmed Combat
  5862 | D:5      | Killed Menkaure
  6030 | D:5      | Reached skill level 5 in Dodging
  6275 | D:6      | Identified a scroll of acquirement
  6275 | D:6      | Acquired 767 gold pieces
  6349 | D:6      | You pick up a book of Necromancy and begin reading...
  6349 | D:6      | You add the spells Necrotise, Vampiric Draining and Agony
                  | to your library.
  6404 | D:6      | Noticed Prince Ribbit
  6420 | D:6      | Killed Prince Ribbit
  6487 | D:6      | You pick up a book of Geomancy and begin reading...
  6487 | D:6      | You add the spells Sandblast, Passwall and Stone Arrow to
                  | your library.
  6529 | D:6      | Noticed Duvessa
  6529 | D:6      | Noticed Dowan
  6538 | D:6      | Killed Duvessa
  6539 | D:6      | Reached skill level 4 in Fighting
  6540 | D:6      | Killed Dowan
  6574 | D:6      | Reached skill level 6 in Spellcasting
  6587 | D:6      | Reached XP level 10. HP: 70/73 MP: 14/19
  6681 | D:6      | Reached skill level 9 in Transmutations
  6697 | D:6      | Reached skill level 6 in Dodging
  7516 | D:7      | Reached skill level 8 in Unarmed Combat
  7674 | D:7      | Reached skill level 5 in Fighting
  7820 | D:7      | HP: 22/88 [orc priest/+0 hand axe (4)]
  7826 | D:7      | HP: 17/88 [bullfrog (2)]
  8308 | D:7      | Found a basalt altar of Yredelemnul.
  9018 | D:8      | Reached skill level 7 in Dodging
  9115 | D:8      | Found a staircase to the Lair.
  9380 | D:8      | Reached skill level 10 in Transmutations
  9399 | D:8      | Reached skill level 6 in Fighting
  9401 | D:8      | Reached skill level 7 in Spellcasting
  9507 | D:8      | Reached XP level 11. HP: 81/81 MP: 15/21
  9676 | D:8      | Reached skill level 8 in Dodging
  9952 | D:9      | Found Edoamo's Weapon Shop.
 10076 | D:9      | Reached skill level 9 in Unarmed Combat
 10756 | D:9      | Reached skill level 7 in Fighting
 10772 | D:9      | Reached skill level 11 in Transmutations
 10788 | D:9      | Reached skill level 9 in Dodging
 11178 | D:9      | Found a stormy altar of Qazlal.
 11263 | D:10     | Entered Level 10 of the Dungeon
 11369 | D:10     | Found a portal to a secret trove of treasure.
 11473 | D:10     | This trove requires the presence of the abyssal rune of Zot
                  | to function. Show it the item?
 11525 | D:10     | Noticed a two-headed ogre
 11533 | D:10     | Killed a two-headed ogre
 11601 | D:10     | Found Zeuqo's Armour Emporium.
 11615 | D:10     | Found a staircase to the Orcish Mines.
 11631 | D:10     | Reached skill level 8 in Spellcasting
 11888 | D:10     | Reached skill level 10 in Unarmed Combat
 12045 | D:10     | Found a shimmering blue altar of Sif Muna.
 12508 | D:11     | Found a gate leading to a gauntlet.
 12537 | Gauntlet | Entered a Gauntlet
 12537 | Gauntlet | Found a transporter.
 12537 | Gauntlet | Found a transporter.
 12546 | Gauntlet | Found a transporter.
 12558 | Gauntlet | Found a transporter.
 12583 | Gauntlet | Found a transporter.
 12586 | Gauntlet | Found a transporter.
 12588 | Gauntlet | Noticed a green ugly thing
 12588 | Gauntlet | Noticed a fire crab
 12588 | Gauntlet | Noticed a glowing orange brain
 12679 | Gauntlet | Found a transporter.
 12688 | Gauntlet | Found a transporter.
 12690 | Gauntlet | Found a large runed translucent door.
 12691 | Gauntlet | Found a large runed translucent door.
 12692 | Gauntlet | Found a large runed translucent door.
 12692 | Gauntlet | Found a large runed translucent door.
 12702 | Gauntlet | Found a transporter.
 12715 | Gauntlet | Found a transporter.
 12731 | Gauntlet | Found a transporter.
 12742 | Gauntlet | Noticed a tengu warrior
 12745 | Gauntlet | Found a large runed translucent door.
 12798 | Gauntlet | Found a transporter.
 12798 | Gauntlet | Found a transporter.
 12800 | Gauntlet | Found a large runed translucent door.
 12801 | Gauntlet | Found a large runed translucent door.
 12802 | Gauntlet | Found a large runed translucent door.
 12802 | Gauntlet | Found a large runed translucent door.
 12802 | Gauntlet | Found a runed translucent door.
 12804 | Gauntlet | Found a large runed translucent door.
 12805 | Gauntlet | Found a large runed translucent door.
 12805 | Gauntlet | Found a large runed translucent door.
 12805 | Gauntlet | Found a large runed translucent door.
 12806 | Gauntlet | Found a runed translucent gate.
 12808 | Gauntlet | Found a transporter.
 12813 | Gauntlet | Found a runed translucent gate.
 12813 | Gauntlet | Found a transporter.
 12814 | Gauntlet | Found a runed translucent gate.
 12814 | Gauntlet | Found a runed translucent door.
 12818 | Gauntlet | Found a transporter.
 12838 | Gauntlet | Found a large runed translucent door.
 12851 | Gauntlet | Found a large runed translucent door.
 12926 | Gauntlet | Reached XP level 12. HP: 92/92 MP: 19/24
 13081 | Gauntlet | Reached skill level 8 in Fighting
 13094 | Gauntlet | Reached skill level 10 in Dodging
 13107 | Gauntlet | Identified the ring of Wurei {Wiz rElec Dex+3}
 13156 | Gauntlet | Identified a +1 crystal plate armour
 13156 | Gauntlet | Noticed a minotaur
 13175 | Gauntlet | Killed a minotaur
 13176 | Gauntlet | Reached skill level 12 in Transmutations
 13288 | Gauntlet | Identified the +2 troll leather armour of the Valley {Harm
                  | rPois rC+ Regen+ Dex-5}
 13329 | Gauntlet | You add the spells Vhi's Electric Charge, Malign Gateway
                  | and Infestation to your library.
 13329 | Gauntlet | Got the Quarto of the Dislocated Dead
 13332 | Gauntlet | You add the spells Ensorcelled Hibernation, Silence and
                  | Discord to your library.
 13332 | Gauntlet | Got the Elucidation of Fascination
 13335 | Gauntlet | You add the spells Momentum Strike, Lesser Beckoning and
                  | Iskenderun's Mystic Blast to your library.
 13335 | Gauntlet | Got the Quarto of Relocation
 13593 | D:11     | Noticed a two-headed ogre
 13600 | D:11     | Killed a two-headed ogre
 13697 | D:11     | Noticed Urug
 13712 | D:11     | Killed Urug
 13715 | D:11     | You fall into a shaft and drop 1 floor!
 13718 | D:12     | Noticed Psyche
 13943 | D:11     | Noticed a two-headed ogre
 13967 | D:11     | Killed a two-headed ogre
 14051 | D:11     | You pick up a book of the Wilderness and begin reading...
 14051 | D:11     | You add the spells Summon Forest and Summon Mana Viper to
                  | your library.
 14059 | D:11     | You pick up a book of Burglary and begin reading...
 14209 | D:11     | Identified the +3 robe of Indecent Exposure {rCorr Str+4
                  | Dex-2}
 14522 | Lair:1   | Entered Level 1 of the Lair of Beasts
 14556 | Lair:1   | Noticed Aketubro's ghost (journeyman MiFi)
 14615 | Lair:1   | Reached skill level 9 in Fighting
 14618 | Lair:1   | Reached skill level 11 in Dodging
 14619 | Lair:1   | Reached skill level 9 in Spellcasting
 14677 | Lair:1   | Found a transporter.
 14718 | Lair:1   | Found a transporter.
 14732 | Lair:1   | Reached skill level 11 in Unarmed Combat
 14860 | Lair:1   | Noticed a catoblepas
 14884 | Lair:1   | Killed a catoblepas
 15059 | Lair:1   | Reached skill level 13 in Transmutations
 15105 | Lair:1   | Reached XP level 13. HP: 101/101 MP: 24/26
 16518 | Lair:3   | Found a staircase to the Shoals.
 16616 | Lair:3   | Found a hole to the Spider Nest.
 16624 | Lair:3   | Reached skill level 12 in Dodging
 16641 | Lair:3   | Reached skill level 10 in Fighting
 17511 | Lair:3   | Found the +1 robe of Vines {NoPotionHeal Regen++++}
 17892 | Lair:4   | Reached skill level 12 in Unarmed Combat
 17911 | Lair:4   | Reached skill level 10 in Spellcasting
 17911 | Lair:4   | Reached skill level 14 in Transmutations
 18293 | Lair:4   | Found a viscous altar of Jiyva.
 18293 | Lair:4   | Found a staircase to the Slime Pits.
 18604 | Lair:4   | Noticed Kirke
 18752 | Lair:3   | Reached XP level 14. HP: 111/111 MP: 26/28
 19188 | Lair:4   | Noticed a sphinx
 19188 | Lair:4   | Killed Kirke
 19189 | Lair:4   | Reached skill level 13 in Dodging
 19267 | Lair:5   | Entered Level 5 of the Lair of Beasts
 19291 | Lair:5   | You pick up a book of Changes and begin reading...
 19463 | Lair:5   | Reached skill level 11 in Fighting
 20431 | Lair:5   | Reached skill level 15 in Transmutations
 20586 | Lair:5   | Reached skill level 13 in Unarmed Combat
 20686 | Lair:5   | Gained mutation: You are hated by all. [Ru sacrifice]
 20686 | Lair:5   | Reached * piety under Ru
 20686 | Lair:5   | Reached ** piety under Ru
 20722 | Lair:5   | Identified the +3 leather armour of Foolhardiness {rPois
                  | Dex+2}
 20742 | Lair:5   | You add the spells Blink, Manifold Assault and Storm Form
                  | to your library.
 20783 | Lair:5   | Reached skill level 14 in Dodging
 20788 | Lair:5   | Reached skill level 11 in Spellcasting
 21078 | Lair:5   | Got the Compendium of the Elliptic Volley
 21291 | D:8      | Learned a level 7 spell: Storm Form
 21417 | D:12     | Reached skill level 1 in Air Magic
 21432 | D:12     | Noticed Erolcha
 21624 | D:12     | Killed Erolcha
 21625 | D:12     | Reached skill level 2 in Air Magic
 21662 | D:12     | Killed Psyche
 21720 | D:12     | Reached skill level 3 in Air Magic
 21721 | D:12     | Reached XP level 15. HP: 96/120 MP: 20/30
 22375 | D:13     | You pick up a book of Party Tricks and begin reading...
 22375 | D:13     | You add the spells Apportation and Alistair's Intoxication
                  | to your library.
 22458 | D:13     | Reached skill level 4 in Air Magic
 22701 | D:13     | Reached skill level 5 in Air Magic
 22976 | D:13     | Reached skill level 6 in Air Magic
 22979 | D:13     | Found a gate to the Vaults.
 22996 | D:13     | You add the spells Magic Dart, Shock and Starburst to your
                  | library.
 22996 | D:13     | Got the Tome of the Kinetic Torch
 23158 | D:13     | Gained mutation: You cannot train Armour skill. [Ru
                  | sacrifice]
 23158 | D:13     | Reached *** piety under Ru
 23647 | D:14     | You add the spells Arcjolt and Maxwell's Capacitive
                  | Coupling to your library.
 23747 | D:14     | Reached skill level 7 in Air Magic
 24422 | D:14     | Reached skill level 8 in Air Magic
 24631 | D:15     | Entered Level 15 of the Dungeon
 24743 | D:15     | Reached skill level 9 in Air Magic
 25003 | D:15     | Found a staircase to the Depths.
 25173 | D:15     | Reached skill level 10 in Air Magic
 25188 | D:15     | Reached XP level 16. HP: 77/127 MP: 13/31
 25385 | D:15     | Gained mutation: You occasionally lose the ability to drink
                  | potions when taking damage. [Ru sacrifice]
 25385 | D:15     | Gained mutation: You sometimes lose the ability to drink
                  | potions when taking damage. [Ru sacrifice]
 25385 | D:15     | Reached **** piety under Ru
 25385 | D:15     | Reached ***** piety under Ru
 25664 | D:15     | Reached skill level 11 in Air Magic
 25702 | D:15     | Found Neunal's Serpentskin Sales.
 26168 | Orc:1    | Entered Level 1 of the Orcish Mines
 26188 | Orc:1    | Found Bipua's General Store.
 26246 | Orc:1    | Found Hohiecun's Antique Weapon Shoppe.
 26424 | Orc:1    | Found a runed translucent door.
 26693 | Orc:1    | Found the +10 tower shield of Ignorance {rN+ Int-4}
 26789 | Orc:1    | Found a runed translucent door.
 26864 | Orc:1    | Noticed Gastronok
 26879 | Orc:1    | Killed Gastronok
 26986 | Orc:2    | Entered Level 2 of the Orcish Mines
 26995 | Orc:2    | Found Yryn's Antique Weapon Emporium.
 27186 | Orc:2    | Found Xyoloagh's Jewellery Emporium.
 27195 | Orc:2    | Reached skill level 12 in Air Magic
 27287 | Orc:2    | Found a staircase to the Elven Halls.
 27372 | Orc:2    | Found Basuc's General Store.
 27398 | Orc:2    | Gained mutation: You occasionally lose the ability to read
                  | scrolls when taking damage. [Ru sacrifice]
 27398 | Orc:2    | Gained mutation: You sometimes lose the ability to read
                  | scrolls when taking damage. [Ru sacrifice]
 27398 | Orc:2    | Reached ****** piety under Ru
 27561 | Orc:2    | Found Riwod's Antique Armour Shoppe.
 28145 | Shoals:1 | Entered Level 1 of the Shoals
 28256 | Shoals:1 | You add the spells Passage of Golubria and Yara's Violent
                  | Unravelling to your library.
 28680 | Shoals:1 | Found a runed translucent door.
 29238 | Shoals:1 | Reached skill level 13 in Air Magic
 30477 | Shoals:3 | Reached XP level 17. HP: 87/133 MP: 15/32
 30493 | Shoals:3 | Reached skill level 14 in Air Magic
 30510 | Shoals:3 | HP: 26/133 [faun/+0 spear (29)]
 30926 | Shoals:3 | Noticed Ilsuiw
 30948 | Shoals:3 | HP: 31/133 [snapping turtle (18)]
 30957 | Shoals:3 | Killed Ilsuiw
 31242 | Shoals:3 | You pick up a book of the Earth and begin reading...
 31242 | Shoals:3 | You add the spells Lee's Rapid Deconstruction and Statue
                  | Form to your library.
 31274 | Shoals:3 | Found an ancient bone altar of Kikubaaqudgha.
 31277 | Shoals:3 | Noticed a kraken
 31289 | Shoals:3 | Killed a kraken
 31677 | Shoals:4 | Entered Level 4 of the Shoals
 31850 | Shoals:4 | Reached skill level 15 in Air Magic
 31871 | Shoals:4 | HP: 30/133 [minotaur/javelin (13)]
 31876 | Shoals:4 | HP: 24/133 [faun/+0 quarterstaff[a satyr] (13)]
 31880 | Shoals:4 | HP: 10/133 [minotaur (2)]
 31882 | Shoals:4 | Slain by a minotaur

Vanquished Creatures
  A kraken (Shoals:3)
  Gastronok (Orc:1)
  Kirke (Lair:4)
  Ilsuiw (Shoals:3)
  An orc warlord (Orc:2)
  A minotaur (Gauntlet)
  2 merfolk impalers
  A merfolk javelineer (Shoals:1)
  Erolcha (D:12)
  6 hydras
  5 catoblepae
  A vault guard (D:13)
  3 merfolk avatars
  4 centaur warriors
  An ogre mage (D:15)
  A merfolk aquamancer (Shoals:1)
  4 satyrs
  6 boulder beetles
  12 death yaks (Lair:5)
  9 two-headed ogres
  3 tengu warriors
  A vampire mage (D:15)
  Urug (D:11)
  A naga sharpshooter (D:15)
  2 orc high priests (Orc:2)
  3 skysharks
  8 skeletal warriors (D:15)
  A pharaoh ant (Lair:3)
  8 sea snakes
  A glowing orange brain (Gauntlet)
  A necromancer (D:15)
  A spark wasp zombie (D:15)
  Pikel (D:4)
  8 harpies
  3 wizards
  A deep elf pyromancer (D:15)
  4 orc knights (Orc:2)
  An oklob plant (Lair:3)
  2 frost giant zombies (D:15)
  A mana viper (D:15)
  15 ugly things
  16 fauns
  10 cyclopes
  3 orc sorcerers
  11 manticores
  11 elephants
  3 water nymphs
  12 merfolk sirens
  4 black mambas
  2 gargoyles (D:10)
  A naga mage (D:15)
  Psyche (D:12)
  8 cane toads
  11 komodo dragons
  2 ice devils (Gauntlet)
  5 yaktaurs (D:15)
  2 rime drakes
  A kobold demonologist (D:12)
  2 efreet (D:15)
  2 tengu conjurers
  3 polar bears
  18 merfolk
  6 trolls
  A tarantella (shapeshifter) (D:15)
  Grinder (D:5)
  3 wind drakes
  3 hornets
  2 tarantellas (Lair:3)
  Prince Ribbit (D:6)
  3 blink frogs (Lair:3)
  A blink frog (shapeshifter) (D:13)
  6 snapping turtles
  4 dream sheep (Shoals:3)
  3 slime creatures (D:14)
  A centaur simulacrum (D:14)
  A wraith (D:12)
  75 yaks
  4 water elementals
  A spriggan (Lair:4)
  Sigmund (D:2)
  A shadow (D:12)
  6 wyverns
  2 steam dragons
  4 basilisks
  21 humans (D:13)
  6 hogs
  10 vampire mosquitoes
  A hog (shapeshifter) (D:13)
  A redback (Lair:3)
  A human zombie (D:15)
  6 wargs
  4 acid dragons
  Menkaure (D:5)
  Duvessa (D:6)
  12 water moccasins
  An ice beast (D:7)
  21 orc warriors
  3 sky beasts
  A black bear (Lair:4)
  17 wolves
  8 centaurs
  12 ogres
  2 phantoms
  4 lemures (D:4)
  2 kobold brigands
  Blork the orc (D:5)
  12 bullfrogs
  3 gnoll sergeants
  2 wyvern zombies (D:5)
  A water moccasin zombie (D:5)
  A scorpion (D:6)
  8 wights
  Dowan (D:6)
  11 killer bees
  7 howler monkeys
  3 electric eels
  2 bullfrog zombies
  13 orc priests
  Crazy Yiuf (D:2)
  5 hounds
  2 centaur zombies (D:5)
  A bullfrog skeleton (D:5)
  A gnoll bouda (D:6)
  2 jellies
  A sleepcap (D:7)
  4 iguanas
  2 scorpion zombies (D:5)
  Natasha (thrice) (D:4)
  18 orc wizards
  A hell rat (Sewer)
  A killer bee zombie (D:7)
  2 hound zombies (D:5)
  A hound skeleton (D:5)
  Robin (D:2)
  A howler monkey zombie (D:5)
  31 gnolls
  13 adders
  2 river rats (Sewer)
  A shadow imp (D:7)
  8 white imps
  An ufetubus (D:7)
  A worm (D:5)
  3 dart slugs
  67 orcs
  8 bats
  4 endoplasms
  4 giant cockroaches
  14 goblins
  10 hobgoblins
  18 jackals
  3 quokkas
  6 ball pythons
  3 frilled lizards
  10 kobolds
  6 rats
  4 tentacles (Shoals:3)
851 creatures vanquished.

Vanquished Creatures (others)
  A faun (Shoals:4)
  A manticore (D:14)
  A bush (Lair:1)
  19 demonic plants
  18 fungi
  63 plants
  4 tentacles (Shoals:3)
  30 withered plants
137 creatures vanquished.

Grand Total: 988 creatures vanquished

Table legend:
 A = Non-vault XP
 B = Vault XP
 C = Vault XP percentage of total XP
 D = Non-vault monster count
 E = Vault monster count
 F = Vault count percentage of total count
                 A         B        C        D         E       F
            +---------+---------+-------+---------+---------+-------
      Total |  135184 |   72630 |  34.9 |     563 |     282 |  33.4
            +---------+---------+-------+---------+---------+-------
        D:1 |      47 |       0 |   0.0 |      14 |       0 |   0.0
        D:2 |      54 |     294 |  84.5 |      19 |      15 |  44.1
        D:3 |      61 |      13 |  17.6 |      20 |       2 |   9.1
        D:4 |     544 |    1199 |  68.8 |      22 |      54 |  71.1
        D:5 |     408 |    1100 |  72.9 |       8 |      16 |  66.7
        D:6 |    1050 |     733 |  41.1 |      21 |       7 |  25.0
        D:7 |     870 |     339 |  28.0 |      18 |       6 |  25.0
        D:8 |    2554 |     257 |   9.1 |      23 |       2 |   8.0
        D:9 |    4826 |       0 |   0.0 |      39 |       0 |   0.0
       D:10 |    3635 |     276 |   7.1 |      21 |       7 |  25.0
       D:11 |    4896 |     794 |  14.0 |      29 |       1 |   3.3
       D:12 |    4041 |    1261 |  23.8 |      27 |       2 |   6.9
       D:13 |    7240 |    6336 |  46.7 |      13 |      25 |  65.8
       D:14 |   10465 |       0 |   0.0 |      23 |       0 |   0.0
       D:15 |   21002 |    7715 |  26.9 |      35 |      13 |  27.1
     Lair:1 |    7601 |       0 |   0.0 |      31 |       0 |   0.0
     Lair:2 |    1774 |     372 |  17.3 |       7 |       1 |  12.5
     Lair:3 |    5846 |    4997 |  46.1 |      22 |      15 |  40.5
     Lair:4 |    3835 |    5297 |  58.0 |      18 |      16 |  47.1
     Lair:5 |   13644 |   10931 |  44.5 |      33 |      23 |  41.1
   Shoals:1 |    9317 |    5988 |  39.1 |      21 |      11 |  34.4
   Shoals:2 |   10048 |       0 |   0.0 |      19 |       0 |   0.0
   Shoals:3 |   12097 |    6635 |  35.4 |      30 |       9 |  23.1
   Shoals:4 |    4185 |    5509 |  56.8 |       8 |      11 |  57.9
      Orc:1 |    2794 |    1213 |  30.3 |      27 |       1 |   3.6
      Orc:2 |    2350 |    8287 |  77.9 |      15 |      27 |  64.3
      Sewer |       0 |      61 | 100.0 |       0 |       6 | 100.0
   Gauntlet |       0 |    3023 | 100.0 |       0 |      12 | 100.0
            +---------+---------+-------+---------+---------+-------

Skill      XL: |  1  2  3  4  5  6  7  8  9 10 11 12 13 14 15 16 17 |
---------------+----------------------------------------------------+-----
Transmutations | 3 4 5 6 7 8 10 11 13 14 15 | 15.3
Poison Magic   | 1 2 |  2.0
Unarmed Combat | 4 5 6 7 8 10 11 12 13 | 13.6
Spellcasting   | 3 4 5 6 7 8 9 10 11 | 11.0
Ice Magic      | 2 4 6 |  6.0
Dodging        | 3 5 7 9 11 12 14 | 14.1
Fighting       | 2 4 6 7 9 10 11 | 11.8
Air Magic      | 3 10 13 15 | 15.0

Action                     |  1- 3 |  4- 6 |  7- 9 | 10-12 | 13-15 | 16-18 || total
---------------------------+-------+-------+-------+-------+-------+-------++-------
  Melee: Unarmed           |    23 |    95 |   292 |   591 |   945 |   487 ||  2433
         Quarterstaff      |    29 |    91 |     4 |     2 |    12 |       ||   138
         Headbutt          |     4 |    12 |       |       |       |       ||    16
         Punch             |       |       |       |       |    32 |    63 ||    95
         Tailslap          |       |       |       |       |       |     4 ||     4
   Cast: Beastly Appendage |    11 |    14 |       |       |       |     1 ||    26
         Spider Form       |     2 |    16 |     3 |       |       |       ||    21
         Wereblood         |       |    11 |    15 |    45 |    37 |     7 ||   115
         Ice Form          |       |     3 |    32 |    69 |    67 |     1 ||   172
         Storm Form        |       |       |       |       |    15 |    46 ||    61
 Invoke: Sacrifice Stealth |       |       |     1 |       |       |       ||     1
         Reject Sacrifices |       |       |       |       |     1 |       ||     1
         Sacrifice Love    |       |       |       |       |     1 |       ||     1
         Sacrifice Durabil |       |       |       |       |     1 |       ||     1
         Sacrifice Words   |       |       |       |       |       |     1 ||     1
         Sacrifice Drink   |       |       |       |       |       |     1 ||     1
Ability: Blinkbolt         |       |       |       |       |     6 |     7 ||    13
         End Transformatio |       |       |       |       |     3 |       ||     3
  Evoke: Wand              |       |       |     1 |       |     4 |       ||     5
    Use: Scroll            |     1 |    12 |     4 |     9 |     3 |     2 ||    31
         Potion            |     3 |       |       |     2 |     1 |       ||     6
   Stab: Petrified         |       |       |       |       |     3 |       ||     3
         Distracted        |       |       |       |       |     1 |     3 ||     4
         Invisible         |       |       |       |       |       |     9 ||     9
         Paralysed         |       |       |       |       |       |     4 ||     4
 Armour: Robe              |    10 |    34 |     2 |       |     3 |     1 ||    50
         Skin              |    16 |    11 |    76 |   108 |   152 |    64 ||   427
  Dodge: Dodged            |    39 |   194 |   251 |   463 |   960 |   532 ||  2439

Illustrated notes

Table legend:
 A = Kills in this place as a percentage of kills in the entire game.
 B = Kills by you in this place as a percentage of kills by you in the entire game.
 C = Kills by friends in this place as a percentage of kills by friends in the entire game.
 D = Other kills in this place as a percentage of other kills in the entire game.
 E = Experience gained in this place as a percentage of experience gained in the entire game.
 F = Experience gained in this place divided by the number of levels of this place that you have seen.
                   A       B       C       D       E      F
               +-------+-------+-------+-------+-------+----------------------
         Total | 100.0 | 100.0 |   N/A | 100.0 | 100.0 | 7166.0
       Dungeon |  57.0 |  57.1 |   N/A |  50.0 |  39.5 | 5467.3
          Lair |  19.6 |  19.7 |   N/A |   0.0 |  26.1 | 10859.4
        Shoals |  12.9 |  12.8 |   N/A |  50.0 |  25.9 | 13444.8
  Orcish Mines |   8.3 |   8.3 |   N/A |   0.0 |   7.0 | 7322.0
         Sewer |   0.7 |   0.7 |   N/A |   0.0 |   0.0 |  61.0
      Gauntlet |   1.4 |   1.4 |   N/A |   0.0 |   1.5 | 3023.0
               +-------+-------+-------+-------+-------+----------------------

Table legend: (Time is in decaauts)
 A = Elapsed time spent in this place.
 B = Non-inter-level travel time spent in this place.
 C = Inter-level travel time spent in this place.
 D = Time resting spent in this place.
 E = Time spent auto-exploring this place.
 F = Levels seen in this place.
 G = Mean time per level.
                   A        B        C        D        E       F      G
               +--------+--------+--------+--------+--------+-----+--------+
         Total |  31032 |  29572 |   1460 |    541 |  23205 |  29 | 1070.1 |
       Dungeon |  18026 |  17091 |    935 |    362 |  13490 |  15 | 1201.7 |
        Temple |    250 |    165 |     85 |      0 |    147 |   1 |  250.0 |
          Lair |   6668 |   6402 |    266 |    129 |   4962 |   5 | 1333.6 |
        Shoals |   3278 |   3185 |     93 |     42 |   2565 |   4 |  819.5 |
  Orcish Mines |   1817 |   1737 |     80 |      8 |   1410 |   2 |  908.5 |
         Sewer |    142 |    142 |      0 |      0 |     99 |   1 |  142.0 |
      Gauntlet |    848 |    848 |      0 |      0 |    530 |   1 |  848.0 |
               +--------+--------+--------+--------+--------+-----+--------+

Top non-repeatable levels by time:
  Lair:5: 1889 daAuts
     D:4: 1810 daAuts
     D:7: 1465 daAuts
  Lair:3: 1453 daAuts
     D:9: 1378 daAuts
    D:15: 1363 daAuts
    D:10: 1336 daAuts
    D:11: 1330 daAuts
  Lair:4: 1266 daAuts
     D:6: 1219 daAuts
     D:1: 1156 daAuts
    D:14: 1149 daAuts
    D:13: 1139 daAuts
  Lair:1: 1083 daAuts
Shoals:1: 1080 daAuts
